 Dungeon Crawl Stone Soup version 0.28.0 (webtiles) character file.

Game seed: 17376236203295463230

10930 Strat the Grappler (level 11, -3/111 HPs)
             Began as a Troll Delver on Feb 9, 2022.
             Was a Priest of Makhleb.
             Slain by a cane toad (17 damage)
             ... on level 1 of the Lair of Beasts.
             The game lasted 00:29:10 (4786 turns).

Strat the Grappler (Troll Delver)                   Turns: 4786, Time: 00:29:11

Health: -3/111     AC: 17    Str: 26    XL:     11   Next: 42%
Magic:  15/15      EV:  9    Int:  6    God:    Makhleb [***...]
Gold:   339        SH:  0    Dex: 11    Spells: 10/10 levels left

rFire   . . .      SeeInvis .     - Unarmed
rCold   . . .      Faith    .   (no shield)
rNeg    . . .      Spirit   .   z - +0 acid dragon scales
rPois   .          Reflect  .   (helmet restricted)
rElec   .          Harm     .   (no cloak)
rCorr   +          Rampage  .   (gloves unavailable)
Will    .....                   (boots unavailable)
Stlth   ++........              (no amulet)
HPRegen 1.08/turn               w - +4 ring of protection
MPRegen 0.14/turn               m - +4 ring of protection

@: lethally poisoned (-3 -> -11), marked
A: large, unfitting armour, claws 3, regeneration 1, shaggy fur 1, tough skin 1
a: Renounce Religion, Minor Destruction, Lesser Servant of Makhleb


You were on level 1 of the Lair of Beasts.
You worshipped Makhleb.
Makhleb was most pleased with you.
You visited 4 branches of the dungeon, and saw 11 of its levels.

You collected 339 gold pieces.

Inventory:

Hand Weapons
 b - a +0 hunting sling of flaming
 q - a +0 flail of protection
 x - a +0 dire flail
Missiles
 d - 12 sling bullets
 g - 4 datura-tipped darts
 l - 96 stones
 r - 28 poisoned darts (quivered)
 y - 3 silver boomerangs
Armour
 z - +0 acid dragon scales (worn)
Jewellery
 a - a ring of protection from fire
 k - a ring of see invisible
 m - a +4 ring of protection (right claw)
 u - a ring of magical power
 w - a +4 ring of protection (left claw)
Wands
 e - a wand of flame (41)
 f - a wand of digging (7)
 o - a wand of polymorph (3)
 s - a wand of mindburst (2)
Scrolls
 c - 2 scrolls of magic mapping
 h - 4 scrolls of identify
 j - 2 scrolls of teleportation
 n - 2 scrolls of fog
 t - a scroll of silence
 B - a scroll of enchant weapon {unknown}
 D - a scroll of amnesia {unknown}
Potions
 i - a potion of flight
 p - a potion of attraction
 v - a potion of brilliance
 C - a potion of mutation


   Skills:
 + Level 8.0 Fighting
 - Level 5.0 Armour
 - Level 1.5 Dodging
 - Level 2.7 Stealth
 - Level 12.0 Unarmed Combat
 + Level 7.9 Invocations


You had 10 spell levels left.
You didn't know any spells.
Your spell library contained the following spells:

 Spells                   Type           Power      Damage    Failure   Level
 Beastly Appendage        Tmut           0%         N/A       52%         1
 Wereblood                Tmut           0%         N/A       65%         2
 Call Canine Familiar     Summ           0%         N/A       87%         3
 Portal Projectile        Hex/Tloc       0%         N/A       87%         3
 Spider Form              Tmut/Pois      0%         N/A       87%         3
 Leda's Liquefaction      Hex/Erth       0%         N/A       99%         4
 Passage of Golubria      Tloc           0%         N/A       99%         4
 Silence                  Hex/Air        0%         N/A       100%        5
 Lehudib's Crystal Spear  Conj/Erth      0%         10d2      100%        8


Dungeon Overview and Level Annotations

Branches:
Dungeon (9/15)             Temple (1/1) D:5            Lair (2/6) D:8
    Orc (1/2) D:9
  Swamp: Lair:2-4    Shoals: Lair:2-4     Snake: Lair:2-4    Spider: Lair:2-4

Altars:
Ashenzari
Cheibriados
Dithmenos
Elyvilon
Fedhas
Gozag
Hepliaklqana
Kikubaaqudgha
Makhleb
Nemelex Xobeh
Okawaru
Qazlal
Ru
Sif Muna
Trog
Uskayaw
Vehumet
Wu Jian
Xom
Yredelemnul
Zin
Beogh

Shops:
D:6 *[

Annotations:
D:4 Menkaure
D:6 Joseph
D:8 2 transporters, Vadun's ghost, novice MiFi


Innate Abilities, Weirdness & Mutations

You are too large for most types of armour.
You have claws for hands.
Your natural rate of healing is unusually fast.
You are covered in fur. (AC +1)
You have tough skin. (AC +1)


Message History

You are no longer poisoned.
The cane toad stings you!
* * * LOW HITPOINT WARNING * * *
You scratch the cane toad.
The cane toad is lightly wounded.
The cane toad stings you!
* * * LOW HITPOINT WARNING * * *
You are poisoned.
The cane toad poisons you!
You bump into the rock wall.
You feel very sick.
The cane toad stings you but does no damage.
You bump into the rock wall.
You feel very sick. The cane toad misses you. The cane toad stings you.
* * * LOW HITPOINT WARNING * * *
You bump into the rock wall.
You feel sick.
The cane toad stings you but does no damage.
You bump into the rock wall.
You feel less invigorated.
You feel less confused.
You feel sick.
The cane toad stings you but does no damage.
You closely miss the cane toad.
The cane toad is lightly wounded.
You feel sick. The cane toad barely misses you.
You scratch the cane toad.
The cane toad is lightly wounded.
You feel sick. The cane toad stings you.
* * * LOW HITPOINT WARNING * * *
You are more poisoned.
The cane toad poisons you!
You scratch the cane toad.
The cane toad is lightly wounded.
You feel very sick. The cane toad barely misses you.
You barely miss the cane toad.
The cane toad is lightly wounded.
You feel very sick. The cane toad stings you!
You die...

................##
...............##
...............##
................#
#...............#
.####P#........#.#
..######........##
...### #####.#####
.....## ######@#
......# #.###F##
......# ###....F#
......###P.....##
......##........#
.....#.##.......##
......###..÷.....#
.....###...>†....##
....###...........#


You could see 2 cane toads.

Vanquished Creatures
  Pikel (D:8)
  3 black mambas (Lair:1)
  4 cane toads
  3 komodo dragons (Lair:1)
  A troll (D:7)
  Prince Ribbit (D:8)
  12 blink frogs
  10 yaks
  2 basilisks (Lair:1)
  An acid dragon (D:9)
  5 water moccasins
  2 orc warriors
  A sky beast (D:7)
  A black bear (D:6)
  6 wolves
  3 centaurs
  3 lemures (D:8)
  A kobold brigand (D:6)
  7 bullfrogs
  A water moccasin skeleton (D:4)
  3 wights (D:9)
  2 electric eels (D:8)
  2 howler monkeys (D:9)
  9 hounds
  A centaur skeleton (D:7)
  3 orc priests
  A gnoll shaman (D:4)
  2 jellies
  6 orc wizards
  2 iguanas (D:6)
  3 gnolls (D:4)
  6 adders
  4 dart slugs (D:4)
  A worm (D:4)
  18 orcs
  3 giant cockroaches
  2 hobgoblins
  2 ball pythons (D:4)
  A bat (D:3)
  4 goblins
  7 kobolds
150 creatures vanquished.

Vanquished Creatures (others)
  An orc wizard (D:8)
  7 fungi
  11 plants
  4 withered plants (D:4)
23 creatures vanquished.

Grand Total: 173 creatures vanquished

Notes
Turn   | Place    | Note
-------+----------+-------------------------------------------
     0 | D:5      | Strat the Troll Delver began the quest for the Orb.
     0 | D:5      | Reached XP level 1. HP: 22/22 MP: 0/0
    22 | D:5      | Found a white marble altar of Elyvilon.
   116 | D:5      | Reached XP level 2. HP: 27/29 MP: 1/1
   126 | D:5      | Reached skill level 3 in Unarmed Combat
   140 | D:5      | Noticed a black bear
   154 | D:5      | Found a staircase to the Ecumenical Temple.
   162 | Temple   | Entered the Ecumenical Temple
   209 | Temple   | Became a worshipper of Makhleb the Destroyer
   240 | D:5      | Reached XP level 3. HP: 29/36 MP: 2/2
   243 | D:5      | Noticed an ogre
   285 | D:4      | Noticed Menkaure
   345 | D:3      | Reached skill level 4 in Unarmed Combat
   524 | D:3      | Reached XP level 4. HP: 44/44 MP: 3/3
   533 | D:3      | Found a snail-covered altar of Cheibriados.
   535 | D:3      | Found a stormy altar of Qazlal.
   537 | D:3      | Found a radiant altar of Vehumet.
   566 | D:4      | Found a broken altar of Ashenzari.
   656 | D:4      | Found a shimmering altar of Xom.
   709 | D:4      | Reached skill level 5 in Unarmed Combat
   725 | D:4      | Reached XP level 5. HP: 50/50 MP: 4/4
   814 | D:4      | Found an ancient bone altar of Kikubaaqudgha.
   855 | D:4      | Reached skill level 6 in Unarmed Combat
   918 | D:4      | Reached * piety under Makhleb
   945 | D:4      | Reached XP level 6. HP: 59/59 MP: 5/5
  1218 | D:6      | Found an ornate altar of the Wu Jian Council.
  1218 | D:6      | Noticed a troll
  1288 | D:6      | Noticed a sky beast
  1326 | D:6      | Found Cuepumy's Assorted Antiques.
  1362 | D:6      | Reached skill level 7 in Unarmed Combat
  1387 | D:6      | Noticed a water moccasin
  1392 | D:6      | Found Ujubb's Armour Shop.
  1511 | D:6      | Reached XP level 7. HP: 66/66 MP: 6/6
  1580 | D:6      | Reached skill level 8 in Unarmed Combat
  1845 | D:7      | Reached skill level 9 in Unarmed Combat
  1880 | D:7      | Found a basalt altar of Yredelemnul.
  1910 | D:7      | Noticed a troll
  1928 | D:7      | Killed a troll
  1928 | D:7      | Reached ** piety under Makhleb
  1929 | D:7      | Reached XP level 8. HP: 19/75 MP: 7/7
  2115 | D:7      | Noticed Joseph
  2218 | D:7      | Reached skill level 10 in Unarmed Combat
  2438 | D:8      | Noticed a gargoyle
  2534 | D:8      | Found a transporter.
  2535 | D:8      | Found a transporter.
  2535 | D:8      | Identified the +6 dire flail of Diet Blood {freeze, Will+
                  | Dex+4 SInv}
  2535 | D:8      | Noticed Vadun's ghost (novice MiFi)
  2553 | D:8      | Found a blossoming altar of Fedhas.
  2555 | D:8      | Found a shadowy altar of Dithmenos.
  2626 | D:8      | Noticed Prince Ribbit
  2627 | D:8      | Noticed Pikel
  2639 | D:8      | Killed Prince Ribbit
  2709 | D:8      | Killed Pikel
  2710 | D:8      | Reached skill level 5 in Fighting
  2710 | D:8      | Reached XP level 9. HP: 60/88 MP: 8/8
  2802 | D:8      | Noticed a troll
  2916 | D:8      | Found a staircase to the Lair.
  2956 | D:8      | Reached skill level 11 in Unarmed Combat
  3218 | D:9      | Found a staircase to the Orcish Mines.
  3252 | Orc:1    | Entered Level 1 of the Orcish Mines
  3252 | Orc:1    | Noticed an orc sorcerer
  3299 | D:9      | Reached skill level 12 in Unarmed Combat
  3318 | D:9      | Reached skill level 1 in Invocations
  3428 | D:9      | Reached *** piety under Makhleb
  3504 | Lair:1   | Entered Level 1 of the Lair of Beasts
  3504 | Lair:1   | Noticed a komodo dragon
  3510 | Lair:1   | Killed a komodo dragon
  3511 | Lair:1   | Reached skill level 1 in Armour
  3511 | Lair:1   | Reached XP level 10. HP: 95/100 MP: 11/11
  3702 | Lair:1   | Noticed a cane toad
  3717 | Lair:1   | Killed a cane toad
  3721 | Lair:1   | Noticed a cane toad
  3733 | Lair:1   | Killed a cane toad
  3793 | Lair:1   | Noticed a black mamba
  3802 | Lair:1   | Killed a black mamba
  3824 | Lair:1   | Noticed a black mamba
  3830 | Lair:1   | Killed a black mamba
  3860 | Lair:1   | Noticed a black mamba
  3865 | Lair:1   | Noticed a seven-headed hydra
  3869 | Lair:1   | Killed a black mamba
  3870 | Lair:1   | Reached skill level 5 in Invocations
  3958 | Lair:2   | Noticed a cane toad
  3980 | Lair:2   | Killed a cane toad
  3987 | Lair:2   | Noticed a cane toad
  3990 | Lair:2   | Reached skill level 5 in Armour
  4004 | Lair:2   | Killed a cane toad
  4025 | Lair:2   | Noticed a cane toad
  4033 | Lair:2   | Reached XP level 11. HP: 59/109 MP: 14/14
  4786 | Lair:1   | Slain by a cane toad

Illustrated notes

Levels and vault maps discovered:
D:3:      layout_basic, grunt_temple_overflow_diamond
D:4:      layout_loops_cross, kiku_gazebo_garden_becter,
          mainiacjoe_overflow_chevrons, lemuel_crystal_altar, uniq_menkaure
D:5:      layout_rooms, nicolae_tso_carved_into_rock, lemuel_tele_altar,
          minmay_temple_entry_ruins
D:6:      layout_loops_ring, mainiacjoe_overflow_24_doors, serial_shops, shop,
          nicolae_shop_advertising_works [nicolae_subvault_shop_adworks]
D:7:      minmay_recursive_quarters, layout_gridville,
          mainiacjoe_overflow_surrounded_room, uniq_joseph
D:8:      layout_loops_ring, minitemple, erik_lair_island,
          gammafunk_ghost_smash, uniq_prince_ribbit1, uniq_pikel
D:9:      layout_basic, orc_0_dummy, palyth_stone_intersect,
          chequers_serial_rivers_large_a
Temple:   jpeg_temple_alley_garden
Lair:1:   layout_cave_pods
Lair:2:   layout_loops_ring, serial_rivers, chequers_serial_rivers_large_b,
          chequers_serial_rivers_marsh, chequers_serial_rivers_micro_d,
          chequers_serial_rivers_room_b, eino_house_with_fridge,
          grunt_megastairs_5, serial_bayou_shore_b
Orc:1:    layout_caves, basic_altar, nicolae_orc_bridge_out

Skill      XL: |  1  2  3  4  5  6  7  8  9 10 11 |
---------------+----------------------------------+-----
Unarmed Combat | 3 4 5 6 7 9 10 12 | 12.0
Fighting       | 3 5 6 7 8 |  8.0
Invocations    | 3 6 7 |  7.9
Armour         | 1 5 |  5.0
Dodging        | |  1.5
Stealth        | |  2.7

Action                   |  1- 3 |  4- 6 |  7- 9 | 10-12 || total
-------------------------+-------+-------+-------+-------++-------
Melee: Unarmed           |    40 |    97 |   204 |   168 ||   509
       Punch             |       |     2 |    13 |    16 ||    31
 Fire: Hunting sling     |       |    12 |    18 |       ||    30
Evoke: Wand              |       |       |    18 |     5 ||    23
  Use: Scroll            |     1 |     8 |     3 |     5 ||    17
       Potion            |       |     1 |     1 |     3 ||     5
 Stab: Distracted        |       |     1 |       |       ||     1
       Sleeping          |       |     1 |     1 |       ||     2
       Paralysed         |       |       |     2 |       ||     2
       Confused          |       |       |     1 |       ||     1
Armor: Robe              |    22 |    42 |    75 |       ||   139
       Acid dragon scale |       |       |     3 |    99 ||   102
Dodge: Dodged            |    16 |    29 |    86 |    88 ||   219
